 Dungeon Crawl Stone Soup version 0.21-a0-582-g1b93aee (webtiles) character file.

64 sithsevirus the Skirmisher (level 3, -3/33 HPs)
             Began as a Draconian Fighter on Dec 19, 2017.
             Slain by an iguana (8 damage)
             ... on level 3 of the Dungeon.
             The game lasted 00:07:45 (2273 turns).

sithsevirus the Skirmisher (Draconian Fighter)      Turns: 2273, Time: 00:07:46

Health: -3/33      AC:  6    Str: 18    XL:     3   Next: 91%
Magic:  3/3        EV: 10    Int:  8    God:
Gold:   70         SH: 10    Dex: 11    Spells: 2/2 levels left

rFire    . . .     SeeInvis .   n - -1 spear (curse)
rCold    . . .     Gourm    .   b - +1 shield
rNeg     . . .     Faith    .   (armour unavailable)
rPois    .         Spirit   .   (helmet restricted)
rElec    .         Reflect  .   (no cloak)
rCorr    .         Harm     .   m - +0 pair of gloves
MR       .....                  (no boots)
Stlth    +.........             (no amulet)
HPRegen  0.11/turn              (no ring)
MPRegen  0.08/turn              (no ring)

@: no status effects
A: unfitting armour, cold-blooded, AC +5
a: no special abilities


You were on level 3 of the Dungeon.
You were not hungry.

You visited 1 branch of the dungeon, and saw 3 of its levels.

You collected 70 gold pieces.

Inventory:

Hand Weapons
 a - a +0 trident
 h - a +0 hunting sling
 n - a cursed -1 spear (weapon)
 q - a +0 blowgun
Missiles
 g - a throwing net
 j - 153 stones (quivered)
 k - 41 sling bullets
 s - 4 curare-tipped needles
Armour
 b - a +1 shield (worn)
 m - a +0 pair of gloves (worn)
Jewellery
 p - an uncursed ring of resist corrosion {unknown}
 r - an uncursed amulet of guardian spirit {unknown}
Scrolls
 o - a scroll of identify
Potions
 c - a potion of might
 e - 2 potions of curing
 f - a potion of invisibility {unknown}
 i - 2 potions of haste {unknown}
 l - a potion of heal wounds {unknown}
 u - a potion of brilliance {unknown}
Comestibles
 d - 5 rations
 t - 2 chunks of flesh


   Skills:
 + Level 3.7 Fighting
 * Level 3.0 Polearms
 + Level 3.1 Dodging
 + Level 3.4 Shields


You had 2 spell levels left.
You didn't know any spells.

Dungeon Overview and Level Annotations

Branches:
Dungeon (3/15)

Altars:
Fedhas
Gozag
Sif Muna
Trog


Innate Abilities, Weirdness & Mutations

Your plain brown scales are hard. (AC +5)
You cannot fit into any form of body armour.
You are cold-blooded and may be slowed by cold attacks.


Message History

The iguana is moderately wounded.
The iguana closely misses you.
You barely miss the iguana.
The iguana is moderately wounded.
The iguana bites you.
You hit the iguana.
The iguana is severely wounded.
The iguana closely misses you.
Your shield prevents you from hitting the iguana.
The iguana is severely wounded.
The iguana bites you!
* * * LOW HITPOINT WARNING * * *
The iguana closely misses you.
You closely miss the iguana.
The iguana is severely wounded.
The iguana barely misses you.
You barely miss the iguana.
The iguana is severely wounded.
The iguana bites you!
You die...

....... #.......#
##....... .# ........
.# #.....# .#
##.....###########.#
###..................#
.......l..#....#.....#
#$...@..####.#.....#
##.....## #......#
##...#######.....#
..........[รท.....#
##############....##
#....<### #........
#........ #####....


You could see an iguana.

Vanquished Creatures
  2 adders
  A dart slug (D:1)
  A leopard gecko (D:1)
  2 orcs (D:3)
  7 bats
  A giant cockroach (D:1)
  3 goblins
  2 hobgoblins
  6 jackals
  6 kobolds
  A ball python (D:1)
  5 frilled lizards
  2 rats (D:1)
39 creatures vanquished.

Vanquished Creatures (others)
  A quokka (D:3)
1 creature vanquished.

Grand Total: 40 creatures vanquished

Notes
Turn   | Place    | Note
-------+----------+-------------------------------------------
     0 | D:1      | sithsevirus the Draconian Fighter began the quest for the Orb.
     0 | D:1      | Reached XP level 1. HP: 19/19 MP: 1/1
   152 | D:1      | Reached XP level 2. HP: 26/26 MP: 2/2
   678 | D:1      | Reached XP level 3. HP: 26/31 MP: 3/3
  1212 | D:2      | Found a blossoming altar of Fedhas.
  1217 | D:2      | Found a bloodstained altar of Trog.
  1220 | D:2      | Found an opulent altar of Gozag.
  1220 | D:2      | Found a deep blue altar of Sif Muna.
  2273 | D:3      | Slain by an iguana

Vault maps used:
D:1:      kennysheep_arrival_forest
D:2:      mumra_celtic_spiral_tile, grunt_temple_overflow_open, first_ration,
          lemuel_tele_altar, uniq_jessica
D:3:      elyvilon_altar_4, grunt_ministairs_6, wad_orctagon, uniq_terence

Skill      XL: |  1  2  3 |
---------------+----------+-----
Dodging        | 3 |  3.1
Polearms       | 3 |  3.0
Fighting       | |  3.7
Shields        | |  3.4

Action                   || total
-------------------------++-------
Melee: Trident           ||    35
       Tailslap          ||    19
       Spear             ||   163
  Use: Scroll            ||     4
       Potion            ||     1
  Eat: Ration            ||     1
       Chunk             ||     1
Armor: Skin              ||    53
Dodge: Dodged            ||    72
Block: Shield            ||   102

Table legend:
 A = Spawn XP
 B = Non-spawn XP
 C = Spawn XP percentage of total XP
 D = Spawn monster count
 E = Non-spawn monster count
 F = Spawn count percentage of total count
 G = Total turns spent on level
                    A         B        C        D         E        F      G
               +---------+---------+-------+---------+---------+-------+---------
         Total |       0 |      92 |   0.0 |       0 |      39 |   0.0 |  2273
               +---------+---------+-------+---------+---------+-------+---------
           D:1 |       0 |      43 |   0.0 |       0 |      26 |   0.0 |  1218
           D:2 |       0 |      20 |   0.0 |       0 |       5 |   0.0 |   734
           D:3 |       0 |      29 |   0.0 |       0 |       8 |   0.0 |   321
               +---------+---------+-------+---------+---------+-------+---------
